 Dungeon Sprint DCSS version 0.16-a0-3465-g53c7d0b (webtiles) character file.

4517 BluebellGnoll the Eclecticist (level 10, -5/50 HPs)
             Began as a Deep Elf Fire Elementalist on Jan 2, 2015.
             Was the Champion of Vehumet.
             Slain by a wolf (8 damage)
             ... in the Dungeon (Sprint IX: "|||||||||||||||||||||||||||||").
             The game lasted 00:09:09 (1165 turns).

BluebellGnoll the Eclecticist (DEFE)                Turns: 1165, Time: 00:09:09

Health: -5/50      AC:  4    Str: 10    XL:     10   Next: 16%
Magic:  10/35      EV: 20    Int: 24    God:    Vehumet [******]
Gold:   0          SH:  0    Dex: 15    Spells: 6 memorised, 23 levels left

rFire  . . .     SeeInvis .     o - +2 rapier (venom)
rCold  . . .     Clarity  .     a - +0 robe
rNeg   . . .     SustAb   .     (no shield)
rPois  .         Gourm    .     (no helmet)
rElec  .         Spirit   .     q - +0 cloak
rCorr  .         Warding  .     r - +0 pair of gloves
rMut   .         NoTele   +     (no boots)
MR     +....                    (no amulet)
Stlth  ++++++....               (no ring)
                                (no ring)

@: mighty, somewhat resistant to hostile enchantments, very stealthy
A: no striking features
a: Renounce Religion


You were in the Dungeon.
You worshipped Vehumet.
Vehumet was exalted by your worship.
You were not hungry.

You visited 1 branch

Inventory:

Hand weapons
 o - a +2 rapier of venom (weapon)
 p - a +2 scimitar of holy wrath
Armour
 a - a +0 robe (worn)
 q - a +0 cloak (worn)
 r - a +0 pair of gloves (worn)
Magical staves
 n - an uncursed staff of energy
 w - an uncursed staff of air
Jewellery
 s - a +2 ring of evasion
 t - a +3 ring of intelligence
Magical devices
 m - a wand of fire (3)
Scrolls
 i - 2 scrolls of blinking
 k - 3 scrolls of remove curse
 l - 2 scrolls of amnesia
 x - a scroll of immolation
 y - 2 scrolls of enchant weapon
 z - 2 scrolls of recharging
 A - 2 scrolls of fear
Potions
 d - 7 potions of curing
 e - 5 potions of heal wounds
 g - 4 potions of magic
 h - a potion of berserk rage
 j - a potion of invisibility
 u - a potion of agility
Books
 b - a book of Flames

   Spells                             Type                      Level
   a - Flame Tongue                   Conjuration/Fire             1
   b - Throw Flame                    Conjuration/Fire             2
   c - Conjure Flame                  Conjuration/Fire             3
   d - Inner Flame                    Hexes/Fire                   3
   e - Sticky Flame                   Conjuration/Fire             4
   f - Fireball                       Conjuration/Fire             5
Comestibles
 c - a bread ration
 f - 6 chunks of flesh


   Skills:
 + Level 12.5 Dodging
 * Level 15.3 Stealth
 + Level 16.4 Spellcasting
 - Level 7.6 Conjurations
 - Level 11.6 Fire Magic


You had 23 spell levels left.
You knew the following spells:

 Your Spells              Type           Power        Failure   Level  Hunger
a - Flame Tongue          Conj/Fire      #####        1%          1    None
b - Throw Flame           Conj/Fire      ######       1%          2    None
c - Conjure Flame         Conj/Fire      ######..     1%          3    None
d - Inner Flame           Hex/Fire       #####...     1%          3    None
e - Sticky Flame          Conj/Fire      ######..     1%          4    None
f - Fireball              Conj/Fire      ######....   1%          5    #......


Dungeon Overview and Level Annotations

Branches:
Dungeon (1/1)

Altars:
Cheibriados
Dithmenos
Elyvilon
Fedhas
Gozag
Kikubaaqudgha
Makhleb
Nemelex Xobeh
Okawaru
Qazlal
Ru
Sif Muna
Trog
Vehumet
Xom
Yredelemnul
Zin
The Shining One
Beogh
Jiyva
Lugonu


Message History

The wolf burns!
The wolf closely misses you.
You see here a spiny frog skeleton.
The wolf burns!
The wolf burns!
You kill the wolf!
Vehumet accepts your kill.
You feel your power returning.
Casting: Sticky Flame
Confirm with . or Enter, or press ? or * to list all spells.
Aiming: Sticky Flame
Press: ? - help, Shift-Dir - straight line, f - wolf
Aim: a wolf The sticky flame hits the wolf.
The wolf is lightly wounded.
The wolf is covered in liquid flames!
The wolf burns!
The wolf barely misses you. The wolf bites you!
* * * LOW HITPOINT WARNING * * *
The wolf burns!
The wolf burns!
The wolf bites you!
You die...

▓▓▓▓▓▓▓▓▓▓▓▓▓▓▓▓▓▓▓▓▓▓▓▓▓▓▓▓▓▓▓▓▓
_____________________'....)÷÷..).
▓▓▓▓▓▓▓▓▓▓▓▓▓▓▓▓▓▓▓▓▓▓▓▓▓▓▓▓▓▓▓▓▓
.................................
▓▓▓▓▓▓▓▓▓▓▓▓▓▓▓▓▓▓▓▓▓▓▓▓▓▓▓▓▓▓▓▓▓
...%%%÷÷....÷..h@'.......[.÷...'.
▓▓▓▓▓▓▓▓▓▓▓▓▓▓▓▓▓▓▓▓▓▓▓▓▓▓▓▓▓▓▓▓▓


You could see a wolf (burning).

Vanquished Creatures
  A hill giant (D)
  A cyclops (D)
  A spiny frog (D)
  A komodo dragon (D)
  2 fire drakes (D)
  A two-headed ogre (D)
  A blink frog (D)
  A wyvern (D)
  3 wargs (D)
  2 hungry ghosts (D)
  3 wolves (D)
  3 hippogriffs (D)
  3 water moccasins (D)
  A hell hound (D)
  A sky beast (D)
  A giant frog (D)
  3 crocodiles (D)
  2 hounds (D)
  A worker ant (D)
  2 adders (D)
  A gnoll (D)
  A river rat (D)
  An adder skeleton (D)
  A bat zombie (D)
  A jackal (D)
  A ball python (D)
  2 bats (D)
  3 goblins (D)
  2 rats (D)
47 creatures vanquished.

Notes
Turn   | Place    | Note
--------------------------------------------------------------
     0 | D        | BluebellGnoll, the Deep Elf Fire Elementalist, began the quest for the Orb.
     0 | D        | Reached XP level 1. HP: 10/10 MP: 5/5
     8 | D        | Reached skill level 4 in Spellcasting
    26 | D        | Reached skill level 5 in Spellcasting
   181 | D        | Reached skill level 7 in Spellcasting
   181 | D        | Reached XP level 2. HP: 15/15 MP: 2/14
   196 | D        | Learned a level 2 spell: Throw Flame
   392 | D        | Reached skill level 8 in Spellcasting
   406 | D        | Found a glowing silver altar of Zin.
   406 | D        | Found a glowing golden altar of the Shining One.
   406 | D        | Found an ancient bone altar of Kikubaaqudgha.
   406 | D        | Found a basalt altar of Yredelemnul.
   406 | D        | Found a shimmering altar of Xom.
   406 | D        | Found a radiant altar of Vehumet.
   406 | D        | Found an iron altar of Okawaru.
   407 | D        | Found a burning altar of Makhleb.
   408 | D        | Found a deep blue altar of Sif Muna.
   409 | D        | Found a bloodstained altar of Trog.
   410 | D        | Found a sparkling altar of Nemelex Xobeh.
   411 | D        | Found a white marble altar of Elyvilon.
   412 | D        | Found a roughly hewn altar of Beogh.
   413 | D        | Found a viscous altar of Jiyva.
   414 | D        | Became a worshipper of Vehumet
   415 | D        | Found a corrupted altar of Lugonu.
   416 | D        | Found a blossoming altar of Fedhas.
   417 | D        | Found a snail-covered altar of Cheibriados.
   418 | D        | Found a shadowy altar of Dithmenos.
   419 | D        | Found a stormy altar of Qazlal.
   420 | D        | Found an opulent altar of Gozag.
   421 | D        | Found a sacrificial altar of Ru.
   461 | D        | Noticed a two-headed ogre
   461 | D        | Noticed a hound
   461 | D        | Noticed a sky beast
   461 | D        | Noticed a hungry ghost
   462 | D        | Killed a hound
   462 | D        | Reached skill level 10 in Spellcasting
   462 | D        | Reached XP level 3. HP: 19/19 MP: 16/20
   463 | D        | Acquired Vehumet's first power
   463 | D        | Offered knowledge of Freeze by Vehumet.
   464 | D        | Killed a sky beast
   464 | D        | Reached XP level 4. HP: 24/24 MP: 19/22
   464 | D        | Reached XP level 5. HP: 28/28 MP: 20/24
   465 | D        | Killed a two-headed ogre
   465 | D        | Reached skill level 10 in Fire Magic
   465 | D        | Reached XP level 6. HP: 28/32 MP: 21/26
   466 | D        | Killed a hungry ghost
   466 | D        | Reached skill level 11 in Fire Magic
   479 | D        | Learned a level 3 spell: Conjure Flame
   483 | D        | Learned a level 3 spell: Inner Flame
   488 | D        | Learned a level 4 spell: Sticky Flame
   494 | D        | Learned a level 5 spell: Fireball
   505 | D        | Noticed a hungry ghost
   505 | D        | Noticed a hill giant
   505 | D        | Noticed a wyvern
   505 | D        | Noticed a cyclops
   505 | D        | Noticed a worker ant
   510 | D        | Killed a worker ant
   512 | D        | Killed a cyclops
   512 | D        | Reached XP level 7. HP: 36/36 MP: 12/28
   512 | D        | Killed a wyvern
   516 | D        | Killed a hill giant
   516 | D        | Acquired Vehumet's second power
   516 | D        | Reached XP level 8. HP: 41/41 MP: 1/29
   528 | D        | Killed a hungry ghost
   528 | D        | Reached skill level 10 in Dodging
   528 | D        | Reached skill level 12 in Stealth
   744 | D        | Noticed a komodo dragon
   744 | D        | Noticed a crocodile
   744 | D        | Noticed a hound
   744 | D        | Noticed a water moccasin
   744 | D        | Noticed a hippogriff
   744 | D        | Noticed a water moccasin
   744 | D        | Noticed a crocodile
   750 | D        | Killed a crocodile
   750 | D        | Offered knowledge of Shock by Vehumet.
   757 | D        | Killed a water moccasin
   757 | D        | Acquired Vehumet's third power
   763 | D        | Killed a hippogriff
   763 | D        | Killed a water moccasin
   770 | D        | Killed a hound
   770 | D        | Killed a crocodile
   770 | D        | Reached skill level 13 in Stealth
   770 | D        | Reached XP level 9. HP: 45/45 MP: 10/31
   774 | D        | Killed a komodo dragon
   899 | D        | Noticed a spiny frog
   900 | D        | Noticed a hippogriff
   902 | D        | Killed a spiny frog
   902 | D        | Offered knowledge of Throw Frost by Vehumet.
   909 | D        | Killed a hippogriff
   909 | D        | Reached skill level 14 in Stealth
   942 | D        | Noticed a water moccasin
   942 | D        | Noticed a fire drake
   942 | D        | Noticed a hippogriff
   942 | D        | Noticed a crocodile
   942 | D        | Noticed a fire drake
   942 | D        | Noticed a giant frog
   948 | D        | Killed a giant frog
   950 | D        | Killed a fire drake
   951 | D        | Noticed a blink frog
   951 | D        | Killed a crocodile
   953 | D        | Killed a hippogriff
   955 | D        | Killed a water moccasin
   956 | D        | Killed a blink frog
   958 | D        | Killed a fire drake
   958 | D        | Reached skill level 15 in Spellcasting
  1110 | D        | Noticed a warg
  1110 | D        | Noticed a warg
  1110 | D        | Noticed a warg
  1110 | D        | Noticed a wolf
  1111 | D        | Noticed a hell hound
  1118 | D        | Noticed a wolf
  1120 | D        | Killed a warg
  1120 | D        | Offered knowledge of Force Lance by Vehumet.
  1124 | D        | Killed a warg
  1124 | D        | Reached skill level 15 in Stealth
  1124 | D        | Reached XP level 10. HP: 50/50 MP: 23/35
  1131 | D        | Killed a warg
  1133 | D        | Noticed a wolf
  1149 | D        | Killed a hell hound
  1151 | D        | Noticed a wolf
  1151 | D        | Killed a wolf
  1151 | D        | Reached skill level 16 in Spellcasting
  1158 | D        | Killed a wolf
  1162 | D        | Killed a wolf
  1165 | D        | Slain by a wolf

Action                   |  1- 3 |  4- 6 |  7- 9 | 10-12 || total
-------------------------+-------+-------+-------+-------++-------
Melee: Unarmed           |    12 |       |       |       ||    12
       Rapier            |       |       |     1 |    17 ||    18
 Cast: Flame Tongue      |    14 |     3 |    38 |     7 ||    62
       Throw Flame       |     2 |     1 |     1 |       ||     4
       Fireball          |       |     1 |    10 |       ||    11
       Inner Flame       |       |     1 |     5 |     1 ||     7
       Conjure Flame     |       |     1 |     4 |       ||     5
       Sticky Flame      |       |       |     7 |     5 ||    12
Evoke: Wand              |     2 |     2 |       |       ||     4
       Staff of energy   |       |       |    18 |       ||    18
  Use: Potion            |     1 |       |       |     1 ||     2
  Eat: Chunk             |       |       |     4 |       ||     4
